 Dungeon Sprint DCSS version 0.17-a0-1382-gc46a074 (webtiles) character file.

276165 Kidiri the Unseen (level 12, 63/63 (65) HPs)
             Began as a Spriggan Enchanter on June 15, 2015.
             Was the Champion of Dithmenos.
             Escaped with the Orb!
             The game lasted 00:21:12 (2243 turns).

Kidiri the Unseen (Spriggan Enchanter)              Turns: 2243, Time: 00:21:12

HP:   63/63 (65)    AC:  4    Str:  2    XL:     12   Next: 60%
MP:   32/32         EV: 39    Int: 21    God:    Dithmenos [******]
Gold: 1230          SH:  0    Dex: 26    Spells: 6 memorised, 26 levels left

rFire  + + +     SeeInvis +     v - +1 dagger (pain)
rCold  + . .     Clarity  .     b - +1 robe
rNeg   + + .     SustAt   .     (shield restricted)
rPois  .         Gourm    +     z - +1 hat
rElec  .         Spirit   .     (no cloak)
rCorr  .         Warding  .     (gloves unavailable)
rMut   .         NoTele   +     (boots unavailable)
MR     ++...                    s - amulet of Waize {Gourm rF+ Int+2 Dex+4}
Stlth  ++++++....               B - ring of Viothrab {rF+ rN+ MR- Dex+3 Stlth-}
                                A - ring "Vac Igae" {rF+ rC+ rN+ MR+ Str-2}

@: very slightly contaminated, wreathed by umbra, very quick, very resistant to
hostile enchantments, very stealthy
A: unfitting armour, see invisible, herbivore 3, speed 3, slow metabolism 2
a: Shadow Step, Shadow Form, Renounce Religion
0: Orb of Zot


You escaped.
You worshipped Dithmenos.
Dithmenos was exalted by your worship.
You were not hungry.

You visited 1 branch You collected 3456 gold pieces.
You spent 2226 gold pieces at shops.

Inventory:

Hand weapons
 a - a +1 dagger
 l - a +0 blowgun
 m - a +0 dagger of venom
 o - a +0 shortbow
 v - a +1 dagger of pain (weapon)
Missiles
 n - 10 curare-tipped needles
 q - 24 arrows
 u - 18 arrows of frost
Armour
 b - a +1 robe (worn)
 x - a gold dragon hide
 y - a shadow dragon hide
 z - a +1 hat (worn)
Jewellery
 s - the amulet of Waize (around neck) {Gourm rF+ Int+2 Dex+4}
   (You bought it in a shop in the Dungeon)

   [amulet of the gourmand]

   It allows you to eat raw meat even when not hungry.
   It affects your intelligence (+2).
   It affects your dexterity (+4).
   It protects you from fire.
 A - the ring "Vac Igae" (left hand) {rF+ rC+ rN+ MR+ Str-2}
   (You bought it in a shop in the Dungeon)

   [ring of protection from magic]

   It affects your strength (-2).
   It protects you from fire.
   It protects you from cold.
   It protects you from negative energy.
   It affects your resistance to hostile enchantments.
 B - the ring of Viothrab (right hand) {rF+ rN+ MR- Dex+3 Stlth-}
   (You bought it in a shop in the Dungeon)

   [ring of loudness]

   It affects your dexterity (+3).
   It protects you from fire.
   It protects you from negative energy.
   It affects your resistance to hostile enchantments.
   It makes you less stealthy.
 C - an uncursed ring of invisibility {unknown}
Magical devices
 D - a wand of digging (12)
Scrolls
 j - a scroll of blinking
 k - 2 scrolls of fog {unknown}
 p - 2 scrolls of identify {unknown}
 w - a scroll of brand weapon {unknown}
Potions
 e - 5 potions of curing
 f - 2 potions of heal wounds
 g - a potion of haste
 h - 2 potions of magic
 i - a potion of berserk rage
 t - a potion of brilliance {unknown}
Books
 c - a book of Maledictions

   Spells                             Type                      Level
   a - Corona                         Hexes                        1
   b - Ensorcelled Hibernation        Hexes/Ice                    2
   c - Confuse                        Hexes                        3
   d - Tukima's Dance                 Hexes                        3
   e - Dazzling Spray                 Conjuration/Hexes            3
 r - a book of Spatial Translocations

   Spells                             Type                      Level
   a - Apportation                    Translocation                1
   b - Blink                          Translocation                2
   c - Shroud of Golubria             Charms/Translocation         2
   d - Portal Projectile              Translocation                3
   e - Teleport Other                 Translocation                3
   f - Passage of Golubria            Translocation                4
Comestibles
 d - 4 bread rations


   Skills:
 + Level 8.4 Fighting
 * Level 14.7 Short Blades
 * Level 18.5 Dodging
 * Level 19.9 Stealth
 * Level 15.9 Spellcasting
 + Level 7.0 Conjurations
 + Level 12.2 Hexes
 * Level 0.0 Translocations
 + Level 8.2 Ice Magic
 + Level 0.0 Evocations


You had 26 spell levels left.
You knew the following spells:

 Your Spells              Type           Power        Failure   Level  Hunger
a - Corona                Hex            ######.      1%          1    None
b - Ensorcelled Hibernat  Hex/Ice        ######       1%          2    None
c - Confuse               Hex            ######..     1%          3    None
d - Tukima's Dance        Hex            ######..     1%          3    None
e - Dazzling Spray        Conj/Hex       ######..     1%          3    None
f - Passage of Golubria   Tloc           N/A          41%         4    None


Dungeon Overview and Level Annotations

Branches:
Dungeon (1/1)

Altars:
Cheibriados
Dithmenos
Elyvilon
Fedhas
Gozag
Kikubaaqudgha
Makhleb
Nemelex Xobeh
Okawaru
Qazlal
Ru
Sif Muna
Trog
Vehumet
Xom
Yredelemnul
Zin
The Shining One
Jiyva

Shops:
D [(=!!:=?*%*(!:![(*

Annotations:
D Tiamat


Innate Abilities, Weirdness & Mutations

You are tiny and cannot use many weapons and most armour.
You have supernaturally acute eyesight.
You are a herbivore.
You cover ground extremely quickly.
You need consume almost no food.


Message History

Things that are here:
a great sword of flaming; 5 chunks of flesh; a fire giant skeleton
There is an open door here.
The daeva shouts!
There is an open door here.
There is an open door here.
You hear a snapping sound.
There is an open door here.
There is an open door here.
There is an open door here.
There is an open door here.
There is an open door here.
There is an open door here.
Things that are here:
a scythe; a robe
There is an open door here.
There is an open door, spattered with blood here.
There is an open door here.
There is a staircase leading out of the dungeon here.
You have escaped!

##################
#@.#..'..#..'..#__
#..'..#.)').#..'..
#.)#####'#####'#__
#..####..#...#)###
#..#__####..##.#≈§
#..#_..__##+#..'≈§
#⌠⌠#_.∩...+..._#≈§
####_..._##_.#'##+
#_____###+#.#..


There were no monsters in sight!

Vanquished Creatures
  A golden dragon (D)
  A shadow dragon (D)
  4 fire giants (D)
  A hydra (D)
  2 centaur warriors (D)
  Sonja (D)
  7 unseen horrors (D)
  A deep troll (D)
  A lindwurm (D)
  An oklob plant (D)
  2 kobold demonologists (D)
  4 demonic crawlers (D)
  4 trapdoor spiders (D)
  A slime creature (D)
  Sigmund (D)
  A yak (D)
  13 hogs (D)
  An ogre (D)
  7 necrophages (D)
  A wasp (D)
  8 jellies (D)
  Ijyb (D)
  3 giant eyeballs (D)
  A giant spore (D)
  A ballistomycete (D)
69 creatures vanquished.

Vanquished Creatures (others)
  A gargoyle (D)
  A giant spore (D)
2 creatures vanquished.

Grand Total: 71 creatures vanquished

Notes
Turn   | Place    | Note
--------------------------------------------------------------
     0 | D        | Kidiri the Spriggan Enchanter began the quest for the Orb.
     0 | D        | Reached XP level 1. HP: 9/9 MP: 5/5
     2 | D        | Noticed Ijyb
    20 | D        | Killed Ijyb
    20 | D        | Reached skill level 1 in Fighting
    20 | D        | Reached skill level 6 in Stealth
    20 | D        | Reached XP level 2. HP: 8/14 MP: 5/8
    24 | D        | Learned a level 2 spell: Ensorcelled Hibernation
   173 | D        | Noticed an ogre
   176 | D        | Killed an ogre
   176 | D        | Reached skill level 7 in Stealth
   176 | D        | Reached skill level 5 in Spellcasting
   176 | D        | Reached skill level 5 in Hexes
   176 | D        | Reached skill level 1 in Ice Magic
   176 | D        | Reached XP level 3. HP: 16/18 MP: 8/10
   176 | D        | Reached XP level 4. HP: 20/23 MP: 9/12
   223 | D        | Noticed Sigmund
   228 | D        | Killed Sigmund
   228 | D        | Reached skill level 5 in Short Blades
   228 | D        | Reached skill level 8 in Dodging
   228 | D        | Reached skill level 9 in Stealth
   228 | D        | Reached XP level 5. HP: 20/28 MP: 6/15
   228 | D        | Reached XP level 6. HP: 22/32 MP: 6/16
   331 | D        | Learned a level 3 spell: Confuse
   335 | D        | Learned a level 3 spell: Tukima's Dance
   339 | D        | Learned a level 3 spell: Dazzling Spray
   352 | D        | Found a snail-covered altar of Cheibriados.
   352 | D        | Found a viscous altar of Jiyva.
   352 | D        | Found a shadowy altar of Dithmenos.
   352 | D        | Found a blossoming altar of Fedhas.
   352 | D        | Noticed a slime creature
   355 | D        | Killed a slime creature
   355 | D        | Reached skill level 10 in Stealth
   355 | D        | Reached skill level 1 in Conjurations
   357 | D        | Became a worshipper of Dithmenos the Shadowed
   374 | D        | Found a deep blue altar of Sif Muna.
   374 | D        | Noticed a jelly
   376 | D        | Found a radiant altar of Vehumet.
   379 | D        | Killed a jelly
   410 | D        | Found Repnon's Antique Weapon Emporium.
   410 | D        | Found a white marble altar of Elyvilon.
   410 | D        | Found a stormy altar of Qazlal.
   410 | D        | Found a burning altar of Makhleb.
   410 | D        | Found a sacrificial altar of Ru.
   410 | D        | Found a basalt altar of Yredelemnul.
   410 | D        | Found a glowing golden altar of the Shining One.
   410 | D        | Found a sparkling altar of Nemelex Xobeh.
   410 | D        | Found a shimmering altar of Xom.
   410 | D        | Found an opulent altar of Gozag.
   410 | D        | Found an ancient bone altar of Kikubaaqudgha.
   410 | D        | Found a glowing silver altar of Zin.
   410 | D        | Noticed a yak
   411 | D        | Found an iron altar of Okawaru.
   412 | D        | Killed a yak
   412 | D        | Reached skill level 11 in Stealth
   412 | D        | Reached XP level 7. HP: 36/36 MP: 17/19
   413 | D        | Found a bloodstained altar of Trog.
   425 | D        | Noticed Sonja
   430 | D        | Killed Sonja
   430 | D        | Reached skill level 12 in Stealth
   430 | D        | Reached XP level 8. HP: 40/42 MP: 13/22
   454 | D        | Found Opurgh's Antique Armour Boutique.
   558 | D        | Noticed a deep troll
   562 | D        | Killed a deep troll
   562 | D        | Reached skill level 13 in Stealth
   562 | D        | Reached skill level 10 in Spellcasting
   572 | D        | Found Icogeu's Armour Emporium.
   596 | D        | Noticed a centaur warrior
   597 | D        | Noticed a centaur warrior
   599 | D        | Killed a centaur warrior
   599 | D        | Reached skill level 5 in Fighting
   599 | D        | Reached XP level 9. HP: 45/47 MP: 24/24
   601 | D        | Killed a centaur warrior
   601 | D        | Acquired Dithmenos's first power
   601 | D        | Reached skill level 10 in Short Blades
   601 | D        | Reached skill level 14 in Stealth
   601 | D        | Reached skill level 5 in Ice Magic
   614 | D        | Noticed a wasp
   619 | D        | Killed a wasp
   642 | D        | Noticed an oklob plant
   644 | D        | Killed an oklob plant
   651 | D        | Noticed a trapdoor spider
   654 | D        | Killed a trapdoor spider
   773 | D        | Noticed a trapdoor spider
   775 | D        | Noticed a trapdoor spider
   777 | D        | Killed a trapdoor spider
   785 | D        | Noticed a trapdoor spider
   786 | D        | Killed a trapdoor spider
   786 | D        | Acquired Dithmenos's second power
   791 | D        | Killed a trapdoor spider
   791 | D        | Reached XP level 10. HP: 51/53 MP: 18/26
   815 | D        | Killed a gargoyle
   839 | D        | Noticed a jelly
   839 | D        | Noticed a jelly
   850 | D        | Noticed an unseen horror
   850 | D        | Noticed an unseen horror
   858 | D        | Killed an unseen horror
   858 | D        | Reached skill level 15 in Stealth
   862 | D        | Killed an unseen horror
   862 | D        | Acquired Dithmenos's third power
   875 | D        | Noticed a jelly
   875 | D        | Noticed a jelly
   875 | D        | Noticed a jelly
   875 | D        | Noticed a jelly
   875 | D        | Noticed a jelly
   876 | D        | Noticed a necrophage
   876 | D        | Noticed a necrophage
   877 | D        | Killed a jelly
   878 | D        | Killed a jelly
   879 | D        | Killed a jelly
   895 | D        | Killed a jelly
   905 | D        | Killed a jelly
   909 | D        | Noticed a necrophage
   909 | D        | Noticed a necrophage
   909 | D        | Noticed a necrophage
   916 | D        | Killed a jelly
   921 | D        | Killed a jelly
   921 | D        | Acquired Dithmenos's fourth power
   927 | D        | Killed a necrophage
   976 | D        | Noticed a necrophage
   976 | D        | Noticed a necrophage
   978 | D        | Killed a necrophage
   980 | D        | Killed a necrophage
   981 | D        | Killed a necrophage
  1030 | D        | Killed a necrophage
  1074 | D        | Killed a necrophage
  1082 | D        | Killed a necrophage
  1111 | D        | Found Haaluopyin's Distillery.
  1111 | D        | Found Okhleus's Jewellery Shop.
  1111 | D        | Found Yjuig's Distillery.
  1113 | D        | Found Pagegy's Book Emporium.
  1113 | D        | Found Xadu's Jewellery Shop.
  1113 | D        | Found Yblos's Magic Scroll Shoppe.
  1113 | D        | Found Nacafu's General Store.
  1113 | D        | Found Atumakatt's Food Emporium.
  1113 | D        | Found Pin Kepu's General Store.
  1113 | D        | Found Fepuywna's Weapon Shoppe.
  1117 | D        | Found Qasat's Distillery.
  1118 | D        | Found Lixuruk's Distillery.
  1118 | D        | Found Nainaoth's Book Boutique.
  1119 | D        | Found Hayd's Antique Weapon Emporium.
  1129 | D        | Bought a book of Spatial Translocations for 715 gold pieces
  1153 | D        | Bought the amulet of Waize {Gourm rF+ Int+2 Dex+4} for 622 gold pieces
  1330 | D        | Noticed a kobold demonologist
  1331 | D        | Noticed a kobold demonologist
  1333 | D        | Killed a kobold demonologist
  1335 | D        | Killed a kobold demonologist
  1335 | D        | Reached skill level 16 in Stealth
  1358 | D        | Noticed a demonic crawler
  1358 | D        | Noticed a demonic crawler
  1358 | D        | Noticed a demonic crawler
  1358 | D        | Noticed a demonic crawler
  1360 | D        | Killed a demonic crawler
  1361 | D        | Killed a demonic crawler
  1361 | D        | Reached skill level 15 in Dodging
  1361 | D        | Reached skill level 5 in Conjurations
  1363 | D        | Killed a demonic crawler
  1363 | D        | Reached skill level 10 in Hexes
  1364 | D        | Killed a demonic crawler
  1494 | D        | Noticed a lindwurm
  1497 | D        | Killed a lindwurm
  1510 | D        | Noticed a hog
  1510 | D        | Noticed a hog
  1510 | D        | Noticed a hog
  1510 | D        | Noticed a hog
  1510 | D        | Noticed a hog
  1510 | D        | Noticed a hog
  1510 | D        | Noticed a hog
  1510 | D        | Noticed a hog
  1512 | D        | Noticed a hog
  1512 | D        | Killed a hog
  1512 | D        | Reached XP level 11. HP: 56/56 MP: 29/29
  1513 | D        | Killed a hog
  1514 | D        | Noticed a hog
  1515 | D        | Killed a hog
  1516 | D        | Killed a hog
  1517 | D        | Noticed a hog
  1517 | D        | Noticed a hog
  1517 | D        | Noticed a hog
  1518 | D        | Killed a hog
  1520 | D        | Killed a hog
  1521 | D        | Killed a hog
  1523 | D        | Killed a hog
  1524 | D        | Killed a hog
  1524 | D        | Reached skill level 17 in Stealth
  1525 | D        | Killed a hog
  1527 | D        | Killed a hog
  1529 | D        | Killed a hog
  1531 | D        | Killed a hog
  1552 | D        | Noticed a 12-headed hydra
  1554 | D        | Killed a 12-headed hydra
  1627 | D        | Noticed a shadow dragon
  1627 | D        | Noticed a golden dragon
  1628 | D        | Killed a golden dragon
  1628 | D        | Reached skill level 18 in Stealth
  1630 | D        | Killed a shadow dragon
  1706 | D        | Found Japligun's Assorted Antiques.
  1728 | D        | Bought a runed hat for 124 gold pieces
  1892 | D        | Bought the ring "Vac Igae" {rF+ rC+ rN+ MR+ Str-2} for 460 gold pieces
  1897 | D        | Bought the ring of Viothrab {rF+ rN+ MR- Dex+3 Stlth-} for 305 gold pieces
  1971 | D        | Noticed a daeva
  1974 | D        | Noticed an unseen horror
  1974 | D        | Noticed an unseen horror
  1974 | D        | Noticed an unseen horror
  1975 | D        | Noticed an unseen horror
  1977 | D        | Killed an unseen horror
  1978 | D        | Noticed an unseen horror
  1982 | D        | Killed an unseen horror
  1982 | D        | Reached skill level 15 in Spellcasting
  1982 | D        | Reached XP level 12. HP: 59/62 MP: 26/32
  1984 | D        | Killed an unseen horror
  1986 | D        | Killed an unseen horror
  1988 | D        | Killed an unseen horror
  1988 | D        | Reached skill level 19 in Stealth
  2020 | D        | Noticed a fire giant
  2021 | D        | Noticed a fire giant
  2021 | D        | Noticed a fire giant
  2021 | D        | Noticed a fire giant
  2022 | D        | Killed a fire giant
  2024 | D        | Killed a fire giant
  2026 | D        | Killed a fire giant
  2028 | D        | Killed a fire giant
  2055 | D        | Noticed Tiamat
  2074 | D        | Learned a level 4 spell: Passage of Golubria
  2180 | D        | Got the Orb of Zot
  2243 | D        | Escaped with the Orb!

Vault maps used:
D:        dungeon_sprint_1

Action                   |  1- 3 |  4- 6 |  7- 9 | 10-12 || total
-------------------------+-------+-------+-------+-------++-------
Melee: Dagger            |    13 |     4 |    21 |   144 ||   182
 Fire: Shortbow          |       |       |       |     1 ||     1
 Cast: Corona            |     2 |       |       |       ||     2
       Ensorcelled Hiber |       |     4 |     5 |     8 ||    17
       Confuse           |       |       |     4 |    12 ||    16
       Dazzling Spray    |       |       |       |     2 ||     2
       Passage of Golubr |       |       |       |     1 ||     1
Invok: Shadow Step       |       |       |       |     6 ||     6
  Use: Scroll            |       |       |       |     1 ||     1
 Stab: Sleeping          |     2 |     4 |     6 |    46 ||    58
       Confused          |       |       |     4 |     3 ||     7
